 Dungeon Crawl Stone Soup version 0.24-a0-235-g3f03afcf10 (webtiles) character file.

Game seed: 14941862320724752687

26 Redear the Gusty (level 3, -2/19 HPs)
             Began as a Tengu Air Elementalist on Apr 7, 2019.
             Slain by a quokka (3 damage)
             ... on level 2 of the Dungeon.
             The game lasted 00:08:08 (789 turns).

Redear the Gusty (Tengu Air Elementalist)            Turns: 789, Time: 00:08:09

Health: -2/19      AC:  2    Str:  9    XL:     3   Next: 8%
Magic:  3/7        EV: 12    Int: 15    God:
Gold:   42         SH:  0    Dex: 14    Spells: 5/6 levels left

rFire    . . .     SeeInvis .   (no weapon)
rCold    . . .     Gourm    .   (no shield)
rNeg     . . .     Faith    .   a - +0 robe
rPois    .         Spirit   .   (helmet restricted)
rElec    .         Reflect  .   (no cloak)
rCorr    .         Harm     .   (no gloves)
MR       +....                  (boots unavailable)
Stlth    ++........             (no amulet)
HPRegen  0.06/turn              m - ring of protection from magic {MR+}
MPRegen  0.10/turn              (no ring)

@: no status effects
A: beak, talons 3
a: no special abilities


You were on level 2 of the Dungeon.
You were not hungry.

You visited 1 branch of the dungeon, and saw 2 of its levels.

You collected 42 gold pieces.

Inventory:

Hand Weapons
 g - a +0 hunting sling of flaming
Missiles
 f - 22 sling bullets
Armour
 a - a +0 robe (worn)
 h - a +0 pair of boots
Jewellery
 m - a ring of protection from magic (left hand) {MR+}
Scrolls
 c - 2 scrolls of teleportation {unknown}
 d - 3 scrolls of identify {unknown}
Potions
 e - a potion of mutation {unknown}
 i - a potion of haste {unknown}
Comestibles
 b - 3 chunks of flesh
 z - 4 rations


   Skills:
 - Level 2.1 Dodging
 + Level 2.5 Stealth
 + Level 2.3 Spellcasting
 + Level 2.3 Conjurations
 + Level 4.4 Air Magic


You had 5 spell levels left.
You knew the following spells:

 Your Spells              Type           Power        Failure   Level  Hunger
a - Shock                 Conj/Air       ##..         5%          1    #......

Your spell library contained the following spells:

 Spells                   Type           Power        Failure   Level  Hunger
 Swiftness                Chrm/Air       #.......     13%         2    ###....
 Static Discharge         Conj/Air       ##......     16%         3    ###....
 Airstrike                Air            ###.......   34%         4    #####..
 Lightning Bolt           Conj/Air       ##........   83%         5    ######.


Dungeon Overview and Level Annotations

Branches:
Dungeon (2/15)

Altars:


Innate Abilities, Weirdness & Mutations

You have a beak for a mouth.
You have claws for feet.


Message History

Press: ? - help, Shift-Dir - straight line The zap hits the hobgoblin.
The hobgoblin is heavily wounded.
The hobgoblin shouts!
Casting: Shock (safe; 5% risk of failure)
Confirm with . or Enter, or press ? or * to list all spells.
Aiming: Shock (safe; 5% risk of failure)
Press: ? - help, Shift-Dir - straight line, f - quokka
Aim: a quokka (hasn't noticed you)
The zap misses the quokka.
The quokka bites you.
* * * LOW HITPOINT WARNING * * *
You take 3 damage, and have 5/19 hp.
You now have 3/7 mp.
Unknown command.
The quokka bites you.
* * * LOW HITPOINT WARNING * * *
You take 4 damage, and have 1/19 hp.
MASSIVE DAMAGE!!
Things that are here:
a +0 club; a goblin corpse The quokka bites you.
You die...

#...##..####........
#.....#..#.........#
#.....#..........#.##.#
#.....#.........g.....#
##...##.......#.....###
##..###..... #)###.#
##.# .... #.# #.# .(.
#r###.###.# #. ##
#.@.......# #.#
#####.##### #.# #.#
#.##### ######.#
#.....# #......#
#.....#####.######
#...>.......#
#.....####### #<....#


You could see a quokka.

Vanquished Creatures
  A worm (D:2)
  A leopard gecko (D:1)
  2 giant cockroaches
  3 goblins
  2 hobgoblins
  2 jackals (D:1)
  6 bats
  A frilled lizard (D:1)
  2 rats (D:1)
20 creatures vanquished.

Notes
Turn   | Place    | Note
-------+----------+-------------------------------------------
     0 | D:1      | Redear the Tengu Air Elementalist began the quest for the
                  | Orb.
     0 | D:1      | Reached XP level 1. HP: 10/10 MP: 4/4
   314 | D:1      | Reached XP level 2. HP: 15/15 MP: 0/6
   492 | D:1      | Reached skill level 2 in Conjurations
   688 | D:1      | Reached XP level 3. HP: 4/19 MP: 0/7
   785 | D:2      | HP: 1/19 [quokka (4)]
   789 | D:2      | Slain by a quokka

Levels and vault maps discovered:
D:1:      scummos_arrival_gate, layout_basic
D:2:      layout_loops_cross

Skill      XL: |  1  2 |
---------------+-------+-----
Conjurations   | 2 |  2.3
Dodging        | |  2.1
Stealth        | |  2.5
Spellcasting   | |  2.3
Air Magic      | |  4.4

Action                   || total
-------------------------++-------
Melee: Unarmed           ||    22
       Peck              ||     6
       Kick              ||     1
 Cast: Shock             ||    41
 Stab: Sleeping          ||     1
Armor: Robe              ||     6
Dodge: Dodged            ||    22

Table legend:
 A = Non-vault XP
 B = Vault XP
 C = Vault XP percentage of total XP
 D = Non-vault monster count
 E = Vault monster count
 F = Vault count percentage of total count
                 A         B        C        D         E       F
            +---------+---------+-------+---------+---------+-------
      Total |      38 |       0 |   0.0 |      20 |       0 |   0.0
            +---------+---------+-------+---------+---------+-------
        D:1 |      24 |       0 |   0.0 |      14 |       0 |   0.0
        D:2 |      14 |       0 |   0.0 |       6 |       0 |   0.0
            +---------+---------+-------+---------+---------+-------
